 Dungeon Crawl Stone Soup version 0.29-a0-870-g2c972031a6 (webtiles) character file.

Game seed: 10982510475774753099

195 concernfroge the Trooper (level 5, -4/46 HPs)
             Began as a Mummy Monk on July 17, 2022.
             Was an Initiate of Gozag.
             Splashed by a jelly's acid (8 damage)
             ... on level 5 of the Dungeon.
             The game lasted 00:11:29 (3631 turns).

concernfroge the Trooper (Mummy Monk)               Turns: 3631, Time: 00:11:31

Health: -4/46      AC:  2    Str: 16    XL:     5   Next: 45%
Magic:  0/5        EV:  7    Int: 10    God:    Gozag
Gold:   195        SH:  0    Dex: 14    Spells: 4/4 levels left

rFire   x . .      SeeInvis .   j - +1 whip (vamp)
rCold   + . .      Faith    .   (no shield)
rNeg    + + +      Spirit   +   e - +2 chain mail
rPois   ∞          Reflect  .   (no helmet)
rElec   .          Harm     .   (no cloak)
rCorr   .          Rampage  .   (no gloves)
Will    .....                   (no boots)
Stlth   ..........              d - amulet of guardian spirit
HPRegen 0.15/turn               (no ring)
MPRegen 0.09/turn               (no ring)

@: corroded
A: cold resistance 1, negative energy resistance 3, torment resistance 2, heat
vulnerability 1, in touch with death 1, no potions
a: Renounce Religion, Potion Petition, Call Merchant, Bribe Branch


You were on level 5 of the Dungeon.
You worshipped Gozag.
Gozag was aware of your devotion.
You visited 2 branches of the dungeon, and saw 6 of its levels.

You collected 195 gold pieces.

Inventory:

Hand Weapons
 a - a +0 spear
 j - a +1 vampiric whip (weapon)
Missiles
 g - a throwing net
Armour
 e - a +2 chain mail (worn)
 k - the +2 ring mail of Objectivity {rN++ Dex+4 SInv}
   (You found it on level 4 of the Dungeon)

   Dex:       It affects your dexterity (+4).
   rN:        It greatly protects you from negative energy.
   SInv:      It lets you see invisible.
Jewellery
 d - an amulet of guardian spirit (around neck)
Wands
 i - a wand of flame (48) (quivered)
 m - a wand of mindburst (9)
Scrolls
 b - 2 scrolls of noise
 c - 2 scrolls of torment
 h - a scroll of teleportation
 l - a scroll of summoning


   Skills:
 + Level 6.2 Fighting
 - Level 2.4 Polearms
 - Level 2.4 Dodging
 - Level 1.5 Stealth


You had 4 spell levels left.
You didn't know any spells.
Your spell library contained the following spells:

 Spells                   Type           Power      Damage    Failure   Level
 Portal Projectile        Hex/Tloc       0%         N/A       100%        3
 Tukima's Dance           Hex            0%         N/A       100%        3
 Blade Hands              Tmut           Unusable   N/A       N/A         5

Dungeon Overview and Level Annotations

Branches:
Dungeon (5/15)             Temple (1/1) D:4

Altars:
Ashenzari
Dithmenos
Gozag
Hepliaklqana
Kikubaaqudgha
Makhleb
Nemelex Xobeh
Okawaru
Qazlal
Sif Muna
Trog
Uskayaw
Vehumet
Wu Jian

Shops:
D:3 [


Innate Abilities, Weirdness & Mutations

You are immune to poison.
Your flesh is cold resistant. (rC+)
You are immune to negative energy. (rN+++)
You are immune to unholy pain and torment.
You are vulnerable to heat. (rF-)
You are in touch with the powers of death.
You do not drink.


Message History

The adder is heavily wounded.
The adder bites you but does no damage.
You hit the adder.
The adder is severely wounded.
The adder bites you but does no damage.
You hit the adder.
You feel better.
You kill the adder!
You now have 183 gold pieces (gained 5).
You now have 195 gold pieces (gained 12).
Found a stone staircase leading up.
A jelly comes into view.
The jelly quivers.
You hit the jelly.
Your hands burn!
The jelly is lightly wounded.
The jelly hits you.
You are splashed with acid!
You barely miss the jelly.
The jelly is lightly wounded.
The jelly barely misses you.
You hit the jelly.
You feel better.
Your hands burn!
The jelly is moderately wounded.
The jelly closely misses you. The jelly hits you. The acid corrodes you!
You are splashed with acid!
You hit the jelly.
Your hands burn!
The jelly is heavily wounded.
The jelly hits you but does no damage.
You hit the jelly.
You feel better.
Your hands burn!
The jelly is heavily wounded.
The jelly closely misses you.
You hit the jelly. The acid corrodes you!
Your hands burn!
The jelly is severely wounded.
The jelly hits you.
You are splashed with acid.
* * * LOW HITPOINT WARNING * * *
You hit the jelly but do no damage.
Your hands burn!
* * * LOW HITPOINT WARNING * * *
The jelly is severely wounded.
The jelly hits you.
* * * LOW HITPOINT WARNING * * *
You are splashed with acid!
You die...
Your body crumbles into a pile of gold.

### ..# #.# #.##.# #..
<..#.# #.# #..#.# #.#
#..#.# #.# #..#.# #.#
#..#J#
######.######..#@#.#.##
........................
######.###.##..#.#.#.###
#.# #.##..#.#.# #.#
#.##..#.# # #.#
#.#####.# # #.# #.# #..
$ . #.# #.# ... # #.#
#.# ##


You could see a jelly.

Vanquished Creatures
  Jessica (D:2)
  2 orc wizards (D:4)
  4 adders
  A worm (D:4)
  A dart slug (D:4)
  10 orcs
  3 bats (D:1)
  4 endoplasms
  2 giant cockroaches
  5 goblins
  7 hobgoblins
  3 jackals (D:1)
  6 quokkas
  6 ball pythons
  2 frilled lizards (D:1)
  5 kobolds
  4 rats
66 creatures vanquished.

Vanquished Creatures (collateral kills)
  An orc (D:4)
1 creature vanquished.

Vanquished Creatures (others)
  3 plants (D:3)
  3 withered plants (D:3)
6 creatures vanquished.

Grand Total: 73 creatures vanquished

Notes
Turn   | Place    | Note
-------+----------+-------------------------------------------
     0 | D:1      | concernfroge the Mummy Monk began the quest for the Orb.
     0 | D:1      | Reached XP level 1. HP: 18/18 MP: 1/1
   470 | D:1      | Reached XP level 2. HP: 24/24 MP: 2/2
   699 | D:1      | Reached skill level 4 in Fighting
  1113 | D:2      | Gained mutation: You are in touch with the powers of death.
                  | [Mummy growth]
  1113 | D:2      | Reached XP level 3. HP: 28/30 MP: 3/3
  1157 | D:2      | You fall into a shaft and drop 1 floor!
  1269 | D:2      | Noticed Jessica
  1277 | D:2      | Killed Jessica
  1290 | D:2      | Reached XP level 4. HP: 25/38 MP: 2/4
  1438 | D:2      | Reached skill level 5 in Fighting
  1531 | D:3      | Found Opiof's Antique Armour Boutique.
  1577 | D:3      | Found a radiant altar of Vehumet.
  1899 | D:3      | Found a faded altar of an unknown god.
  2112 | D:3      | Found a hide-covered altar of Uskayaw.
  2173 | D:3      | Found a bloodstained altar of Trog.
  2192 | D:3      | Found a stormy altar of Qazlal.
  2351 | D:4      | Found a staircase to the Ecumenical Temple.
  2377 | D:4      | Reached XP level 5. HP: 36/46 MP: 3/5
  2482 | Temple   | Entered the Ecumenical Temple
  2485 | Temple   | Became a worshipper of Gozag Ym Sagoz the Greedy
  2779 | D:4      | Reached skill level 6 in Fighting
  2969 | D:4      | Identified the +2 ring mail of Objectivity {rN++ Dex+4
                  | SInv}
  3328 | D:5      | Entered Level 5 of the Dungeon
  3631 | D:5      | Splashed by a jelly's acid

Illustrated notes

Levels and vault maps discovered:
D:1:      nagdon_arrival_double_spiral, layout_basic, grunt_decor_cap
D:2:      kb_forest_paths, layout_loops_cross, minmay_tetromino_t2, uniq_jessica
D:3:      layout_loops_ring, vehumet_altar_wand_db, nicolae_overflow_squiral,
          mainiacjoe_overflow_tiny_flanked,
          shapermc_ecumenical_altar_flowoftime, serial_shops, shop,
          minmay_stone_trees_medium
D:4:      layout_loops_ring, nicolae_tso_swordbearing_angel,
          minmay_temple_entry_mist, st_stairs_5, grunt_ministairs_13
D:5:      layout_basic, nicolae_ru_sacrificial_ziggurat, dk_yredelemnul_ordeal
Temple:   nicolae_temple_hex_pool

Skill      XL: |  1  2  3  4  5 |
---------------+----------------+-----
Fighting       | 4 5 6 |  6.2
Polearms       | |  2.4
Dodging        | |  2.4
Stealth        | |  1.5

Action                   |  1- 3 |  4- 6 || total
-------------------------+-------+-------++-------
Melee: Spear             |   120 |    17 ||   137
       Whip              |       |   193 ||   193
       Punch             |       |     1 ||     1
Evoke: Wand              |       |     1 ||     1
  Use: Scroll            |       |     9 ||     9
 Stab: Sleeping          |     4 |     1 ||     5
Armor: Robe              |     5 |       ||     5
       Ring mail         |    19 |    20 ||    39
       Chain mail        |       |    52 ||    52
Dodge: Dodged            |    52 |    80 ||   132

Table legend: (Time is in decaauts)
 A = Elapsed time spent in this place.
 B = Non-inter-level travel time spent in this place.
 C = Inter-level travel time spent in this place.
 D = Time resting spent in this place.
 E = Time spent auto-exploring this place.
 F = Levels seen in this place.
 G = Mean time per level.
                   A        B        C        D        E       F      G
               +--------+--------+--------+--------+--------+-----+--------+
         Total |   3652 |   3543 |    109 |    472 |   2370 |   6 |  608.7 |
       Dungeon |   3559 |   3472 |     87 |    472 |   2311 |   5 |  711.8 |
        Temple |     92 |     70 |     22 |      0 |     59 |   1 |   92.0 |
               +--------+--------+--------+--------+--------+-----+--------+

Top non-repeatable levels by time:
     D:1: 1106 daAuts
     D:4: 971 daAuts
     D:3: 813 daAuts
     D:2: 363 daAuts
     D:5: 304 daAuts
  Temple: 92 daAuts
